AoeStats
← MarXthedruid

Glade

510511767Analyzed
1v1 RM · 12h ago on Oct 1, 2026· 61m 58s· 2 players
Game mode
Random Map
Map size
Tiny (2 player)
Population
200
Speed
Normal
Resources
Standard
Victory
Conquest
Starting age
Dark Age
Ending age
Imperial Age
RankedLock teamsTeams togetherTeam positionsShared explorationLock speedFull tech treeHidden civsTurbo modeCheats
Victory
Defeat
🇨🇴 Inca · Colombia
1104
+17
🇬🇧 Teutons · United Kingdom
1129
-17
Krasniok
3:02 Loom
10:22 Feudal Age
10:48 Champi Runner
11:27 Town Watch
14:45 Double-Bit Axe
16:15 Horse Collar
22:09 Castle Age
20:39 Scale Mail Armor
21:34 Forging
22:28 Fletching
22:42 Padded Archer Armor
23:28 Iron Casting
22:19 Champi Warrior
23:17 Pikeman
24:38 Town Patrol
26:20 Chain Mail Armor
31:33 Crossbowman
31:34 Elite Skirmisher
33:34 Heavy Plow
34:35 Squires
37:05 Bodkin Arrow
39:17 Leather Archer Armor
39:54 Gold Mining
40:15 Bow Saw
39:56 Stone Mining
43:15 Imperial Age
41:37 Gold Shaft Mining
40:54 Arson
41:20 Thumb Ring
43:40 Wheelbarrow
43:48 Halberdier
45:49 Arbalester
48:35 Ballistics
49:15 Chemistry
48:06 Heated Shot
47:57 Treadmill Crane
49:59 Blast Furnace
48:59 Bracer
49:30 Ring Archer Armor
49:59 Elite Champi Warrior
54:10 Conscription
59:33 Plate Mail Armor
60:56 Andean Sling
60:57 Fabric Shields
MarXthedruid
2:17 Loom
7:04 Loom
9:29 Feudal Age
11:46 Double-Bit Axe
13:16 Fletching
20:47 Castle Age
19:20 Horse Collar
20:14 Gold Mining
21:22 Bodkin Arrow
22:46 Ballistics
23:24 Guard Tower
27:05 Heavy Plow
27:16 Bow Saw
30:46 Imperial Age
28:53 Wheelbarrow
30:07 Town Watch
31:31 Bloodlines
33:13 Keep
32:24 Arrowslits
32:53 Scale Barding Armor
32:59 Forging
34:23 Crop Rotation
35:46 Two-Man Saw
35:41 Cavalier
45:34 Hand Cart
50:23 Chemistry
49:22 Stone Mining
50:33 Hoardings
50:25 Siege Engineers
51:35 Capped Ram
51:55 Elite Skirmisher
53:13 Bombard Tower
52:50 Paladin
53:59 Chain Barding Armor
53:40 Padded Archer Armor
54:16 Iron Casting
58:18 Leather Archer Armor
Connection lost

Rejoining the realm…

Still unreachable

The connection could not be restored.

Session expired

The server has moved on; the page needs a fresh start.